 Dungeon Crawl Stone Soup version 0.30-a0-1103-g25895a7845 (webtiles) character file.

Game seed: 13484127926896021432

7550 LustLizard the Destroyer (level 10, -3/52 HPs)
             Began as a Deep Elf Air Elementalist on Apr 18, 2023.
             Was a Priest of Hepliaklqana.
             Slain by an orc warrior
             ... wielding a +0 trident
              (6 damage)
             ... on level 10 of the Dungeon.
             The game lasted 00:37:30 (14099 turns).

LustLizard the Destroyer (DEAE)                    Turns: 14099, Time: 00:37:32

Health: -3/52      AC:  7    Str:  7    XL:     10   Next: 96%
Magic:  13/24      EV: 12    Int: 23    God:    Hepliaklqana [***...]
Gold:   352        SH:  5    Dex: 15    Spells: 5/25 levels left

rFire   . . .      SeeInvis .    c - staff of poison
rCold   . . .      Faith    .    (no shield)
rNeg    . . .      Spirit   .    K - +0 steam dragon scales
rPois   +          Reflect  +    r - +2 hat
rElec   .          Rampage  .    d - scarf {repulsion}
rCorr   .                        (no gloves)
Will    +....                    (no boots)
Stlth   +++                      n - amulet of reflection
HPRegen 0.28/turn                (no ring)
MPRegen 0.19/turn                (no ring)

@: slowed, repel missiles, very slow
A: reduced essence
a: Renounce Religion, Recall Ancestor, Ancestor Identity, Transference


You were on level 10 of the Dungeon.
You worshipped Hepliaklqana.
Hepliaklqana was most pleased with you.
You visited 2 branches of the dungeon, and saw 11 of its levels.

You collected 638 gold pieces.
You spent 286 gold pieces at shops.

Inventory:

Missiles
 w - 3 throwing nets
Armour
 a - a +0 robe
 d - a scarf of repulsion (worn)
 o - a +0 buckler
 r - a +2 hat (worn)
 K - +0 steam dragon scales (worn)
Magical Staves
 c - a staff of poison (weapon)
 u - a staff of air
Jewellery
 n - an amulet of reflection (around neck)
 F - a ring of ice
Wands
 q - a wand of iceblast (9)
 E - a wand of charming (12)
 H - a wand of digging (4)
 I - a wand of flame (7)
 M - a wand of mindburst (3)
 O - a wand of light (2)
Scrolls
 f - 4 scrolls of butterflies
 h - a scroll of poison
 i - 2 scrolls of fear {unknown}
 k - 2 scrolls of immolation
 m - 2 scrolls of enchant armour
 s - 2 scrolls of vulnerability {unknown}
 x - 2 scrolls of acquirement {unknown}
 y - 2 scrolls of blinking {unknown}
 z - 3 scrolls of amnesia
 A - a scroll of brand weapon
 B - 3 scrolls of noise {unknown}
 D - 3 scrolls of magic mapping {unknown}
 J - 2 scrolls of teleportation
 L - a scroll of silence {unknown}
 N - a scroll of torment {unknown}
Potions
 b - a potion of magic
 e - 2 potions of heal wounds
 g - 3 potions of resistance
 j - a potion of flight
 l - a potion of brilliance
 p - 4 potions of cancellation
 t - 4 potions of ambrosia
 v - 4 potions of curing
 G - 2 potions of mutation


   Skills:
 + Level 4.7 Fighting
 - Level 2.4 Dodging
 - Level 5.4 Stealth
 + Level 8.4 Spellcasting
 * Level 9.5 Conjurations
 - Level 7.6 Hexes
 * Level 7.0 Fire Magic
 + Level 7.7 Air Magic


You had 5 spell levels left.
You knew the following spells:

 Your Spells              Type           Power      Damage    Failure   Level
a - Shock                 Conj/Air       100%       1d9       1%          1
b - Static Discharge      Conj/Air       98%        2-7/arc   1%          2
c - Swiftness             Air            45%        N/A       1%          3
d - Fulminant Prism       Conj/Hex       24%        3d12      1%          4
e - Fireball              Conj/Fire      23%        3d11      6%          5
f - Blink                 Tloc           18%        N/A       10%         2
g - Tukima's Dance        Hex            44%        N/A       1%          3

Your spell library contained the following spells:

 Spells                   Type           Power      Damage    Failure   Level
 Foxfire                  Conj/Fire      100%       2x1d9     1%          1
 Magic Dart               Conj           100%       1d8       1%          1
 Momentum Strike          Conj/Tloc      62%        3d9       1%          2
 Searing Ray              Conj           100%       2d8       1%          2
 Inner Flame              Hex/Fire       43%        N/A       1%          3
 Ensorcelled Hibernation  Hex/Ice        54%        N/A       2%          2
 Airstrike                Air            22%        2d(4-20)  2%          4
 Flame Wave               Conj/Fire      47%        2d12      2%          4
 Sticky Flame             Conj/Fire      47%        2d6       2%          4
 Portal Projectile        Hex/Tloc       54%        N/A       4%          3
 Apportation              Tloc           18%        N/A       7%          1
 Beastly Appendage        Tmut           18%        N/A       7%          1
 Necrotise                Necr           36%        1d5       7%          1
 Summon Small Mammal      Summ           36%        N/A       7%          1
 Lesser Beckoning         Tloc           18%        N/A       10%         2
 Wereblood                Tmut           9%         N/A       10%         2
 Anguish                  Hex/Necr       13%        N/A       14%         4
 Leda's Liquefaction      Hex/Erth       13%        N/A       14%         4
 Call Canine Familiar     Summ           9%         N/A       21%         3
 Spider Form              Tmut/Pois      14%        N/A       21%         3
 Yara's Violent Unravell  Hex/Tmut       13%        3d7       36%         5
 Passage of Golubria      Tloc           9%         N/A       54%         4
 Starburst                Conj/Fire      23%        6d8       32%         6
 Plasma Beam              Fire/Air       21%        2x1d36    43%         6


Dungeon Overview and Level Annotations

Branches:
Dungeon (10/15)            Temple (1/1) D:5             Orc (0/2) D:9
   Lair: D:8-11

Altars:
Ashenzari
Cheibriados
Dithmenos
Elyvilon
Fedhas
Gozag
Hepliaklqana
Kikubaaqudgha
Makhleb
Nemelex Xobeh
Okawaru
Qazlal
Ru
Sif Muna
Trog
Uskayaw
Vehumet
Wu Jian
Xom
Yredelemnul
Zin
The Shining One

Shops:
D:1 **

Annotations:
D:10 Sonja


Message History

Sonja closely misses you.
Sonja bows elegantly.
Sonja closely misses you.
Sonja hits you with a +2 short sword of distortion.
* * * LOW HITPOINT WARNING * * *
Space warps around you.
* * * LOW HITPOINT WARNING * * *
Sonja closely misses you.
Lucia closely misses Sonja.
Okay, then.
You feel much better. You block Sonja's attack. Sonja misses you.
Sonja hits you with a +2 short sword of distortion.
Space warps around you.
* * * LOW HITPOINT WARNING * * *
Sonja hits you with a +2 short sword of distortion!
* * * LOW HITPOINT WARNING * * *
You blink.
Lucia barely misses Sonja.
You feel much better.
The orc warrior hits you from afar with a +0 trident.
Sonja closely misses you. Sonja hits you but does no damage.
Space warps horribly around you!
* * * LOW HITPOINT WARNING * * *
Sonja hits you with a +2 short sword of distortion.
* * * LOW HITPOINT WARNING * * *
Space warps around you.
* * * LOW HITPOINT WARNING * * *
Lucia hits Sonja but does no damage.
The orc warrior barely misses you.
Lucia blocks Sonja's attack.
Sonja hits Lucia but does no damage.
Lucia blocks Sonja's attack.
Sonja hits Lucia but does no damage.
Space warps around Lucia.
Sonja hits Lucia but does no damage.
Space warps horribly around Lucia!!
Sonja hits Lucia but does no damage.
Lucia barely misses Sonja.
Unknown command.
Okay, then.
Lucia blocks Sonja's attack.
Sonja barely misses Lucia.
Sonja hits Lucia but does no damage.
Space warps horribly around Lucia!!
Lucia is destroyed!
Sonja casts a spell.
Sonja blinks!
The orc warrior hits you from afar with a +0 trident.
You die...

#...# #<# #.PP(.####.P
#...# #.# ##.P...# P.
#...######.###......#
#........[.##.......#
#..........)[..$.......
#..######.ยง.####....P..
#.. #.o.# ...P... #..
#...# #...P.. #.. #@..#
...... ... #...# ..###
## #...# #...# #...#
#...# #...#####
#........ #........


You could see an orc warrior.

Vanquished Creatures
  Pikel (D:7)
  An unseen horror zombie (D:9)
  Psyche (D:10)
  2 hornets
  A wraith (D:10)
  3 yaks (D:9)
  2 steam dragons
  Duvessa (D:7)
  6 orc warriors
  An ice beast (D:5)
  A black bear (D:10)
  5 ogres
  2 centaurs
  3 lemures (D:7)
  A phantom (D:9)
  A kobold brigand (D:8)
  A gnoll sergeant (D:9)
  A bullfrog (D:8)
  3 scorpions
  Dowan (D:7)
  10 wights
  3 troll zombies (D:9)
  4 killer bees (D:7)
  A vampire bat (D:4)
  A howler monkey (D:5)
  4 hounds (D:5)
  4 orc priests
  A jelly (D:6)
  A gnoll bouda (D:4)
  2 sleepcaps
  4 iguanas
  3 orc wizards
  A killer bee zombie (D:9)
  2 ogre zombies (D:9)
  Robin (D:3)
  6 gnolls
  10 adders
  A river rat (D:6)
  A white imp (D:6)
  2 ufetubi
  3 worms
  2 dart slugs
  38 orcs
  7 ball pythons
  9 endoplasms
  3 giant cockroaches
  10 goblins
  6 hobgoblins
  5 jackals
  4 quokkas
  9 bats
  3 frilled lizards
  A goblin skeleton (D:9)
  3 goblin zombies (D:9)
  A hobgoblin skeleton (D:9)
  3 hobgoblin zombies (D:9)
  9 kobolds
  2 orc skeletons (D:9)
  12 orc zombies (D:9)
  16 rats
246 creatures vanquished.

Vanquished Creatures (collateral kills)
  2 shadows (D:9)
  A yak (D:9)
  Edmund (D:5)
  A black bear (D:10)
  2 sky beasts
  An orc warrior (D:9)
  An ice beast (D:7)
  2 centaurs
  A lemure (D:7)
  2 bullfrogs
  3 wights
  A troll zombie (D:9)
  A hound (D:8)
  2 orc priests
  2 orc wizards (D:9)
  An ogre zombie (D:9)
  A gnoll (D:7)
  An orc (D:9)
  A kobold (D:8)
  An orc skeleton (D:9)
  2 orc zombies (D:9)
  2 butterflies (D:6)
32 creatures vanquished.

Vanquished Creatures (others)
  6 knights
  4 ancestors (D:7)
  An orc (D:6)
  A bush (D:6)
  52 fulminant prisms
  11 fungi (D:10)
  11 plants
86 creatures vanquished.

Grand Total: 364 creatures vanquished

Notes
Turn   | Place    | Note
-------+----------+-------------------------------------------
     0 | D:1      | LustLizard the Deep Elf Air Elementalist began the quest
                  | for the Orb.
     0 | D:1      | Reached XP level 1. HP: 10/10 MP: 6/6
   244 | D:1      | Reached XP level 2. HP: 15/15 MP: 5/8
   383 | D:1      | Found Reomm's Assorted Antiques.
   399 | D:1      | Bought a scroll labelled CASABE ME FIV for 31 gold pieces
   560 | D:1      | Learned a level 2 spell: Static Discharge
   709 | D:1      | Found Muceekeczo's Assorted Antiques.
   879 | D:1      | Found a faded altar of an unknown god.
  1045 | D:1      | Bought a coppery potion for 21 gold pieces
  1079 | D:2      | Reached skill level 2 in Conjurations
  1119 | D:2      | Reached XP level 3. HP: 20/20 MP: 6/9
  1761 | D:2      | Reached XP level 4. HP: 24/24 MP: 8/11
  2338 | D:3      | Learned a level 3 spell: Swiftness
  2343 | D:3      | Learned a level 4 spell: Fulminant Prism
  2475 | D:3      | You fall into a shaft and drop 1 floor!
  2493 | D:4      | Noticed an ogre
  2510 | D:4      | Noticed an ogre
  3100 | D:1      | Bought a scroll labelled LYMMAR VYEMAPH for 24 gold pieces
  3100 | D:1      | Bought a scroll labelled NUHUCOA BI YWY for 24 gold pieces
  3100 | D:1      | Bought a scroll labelled FOR PAEMIJYINN for 24 gold pieces
  3100 | D:1      | Bought an orange potion for 21 gold pieces
  3100 | D:1      | Bought a scroll labelled IDAYVA UDYXTEPT for 24 gold pieces
  3100 | D:1      | Bought a scroll labelled JONLECK UNIBENG for 24 gold pieces
  3202 | D:4      | Reached skill level 1 in Hexes
  3348 | D:4      | Reached skill level 1 in Fighting
  3371 | D:4      | Found a snail-covered altar of Cheibriados.
  3466 | D:4      | Reached XP level 5. HP: 26/29 MP: 1/12
  3479 | D:4      | Reached skill level 3 in Conjurations
  3624 | D:4      | Noticed Robin
  3636 | D:3      | Killed Robin
  4174 | D:4      | Killed an ogre
  4175 | D:4      | Reached XP level 6. HP: 8/34 MP: 6/14
  4518 | D:4      | Reached skill level 4 in Conjurations
  4832 | D:1      | Bought a scroll labelled LYMMAR VYEMAPH for 31 gold pieces
  4832 | D:1      | Bought a scroll labelled LYMMAR VYEMAPH for 31 gold pieces
  4919 | D:5      | Entered Level 5 of the Dungeon
  4923 | D:5      | Reached XP level 7. HP: 39/39 MP: 11/15
  5328 | D:1      | Bought a scroll labelled DOJE FEUSS for 31 gold pieces
  5421 | D:5      | Found an opulent altar of Gozag.
  5610 | D:5      | Reached skill level 5 in Air Magic
  6001 | D:5      | Found a sparkling altar of Nemelex Xobeh.
  6037 | D:5      | Reached skill level 5 in Spellcasting
  6037 | D:5      | Reached skill level 5 in Conjurations
  6358 | D:5      | Noticed Edmund
  6468 | D:5      | Found a staircase to the Ecumenical Temple.
  6474 | Temple   | Entered the Ecumenical Temple
  6624 | Temple   | Became a worshipper of Hepliaklqana the Forgotten
  6818 | D:6      | Found a blossoming altar of Fedhas.
  6948 | D:6      | Reached XP level 8. HP: 35/44 MP: 12/17
  6953 | D:6      | Reached skill level 5 in Hexes
  7260 | D:5      | Reached skill level 5 in Stealth
  7414 | D:6      | Found a glowing silver altar of Zin.
  7798 | D:6      | Reached skill level 6 in Conjurations
  7924 | D:6      | Learned a level 5 spell: Fireball
  8055 | D:6      | Reached skill level 1 in Fire Magic
  8098 | D:6      | Found a shimmering altar of Xom.
  8102 | D:6      | Reached * piety under Hepliaklqana
  8300 | D:7      | Noticed Dowan
  8314 | D:7      | Reached XP level 9. HP: 44/44 MP: 7/19
  8945 | D:7      | Noticed Duvessa
  8951 | D:7      | Killed Dowan
  8952 | D:7      | Killed Duvessa
  8953 | D:7      | Reached skill level 7 in Conjurations
  9247 | D:7      | Noticed Pikel
  9268 | D:7      | Killed Pikel
  9635 | D:7      | Reached ** piety under Hepliaklqana
  9636 | D:7      | Remembered your ancestor Lucia as a knight
 10416 | D:8      | Identified the orb of the Nice God {guile, Stlth+}
 10478 | D:8      | Reached XP level 10. HP: 50/50 MP: 11/22
 10489 | D:8      | Reached skill level 8 in Conjurations
 10953 | D:8      | Reached skill level 5 in Fire Magic
 11232 | D:9      | Noticed a tengu warrior
 11542 | D:9      | Learned a level 2 spell: Blink
 11598 | D:9      | Found a radiant altar of Vehumet.
 11598 | D:9      | Found an ancient bone altar of Kikubaaqudgha.
 12654 | D:9      | Found a staircase to the Orcish Mines.
 12677 | D:9      | Reached *** piety under Hepliaklqana
 12849 | D:9      | Reached skill level 9 in Conjurations
 13106 | D:9      | Found a basalt altar of Yredelemnul.
 13497 | D:5      | Killed Edmund
 13707 | D:10     | Entered Level 10 of the Dungeon
 13707 | D:10     | Noticed Psyche
 13713 | D:10     | Killed Psyche
 13724 | D:10     | Noticed a two-headed ogre
 13903 | D:10     | Noticed Sonja
 14053 | D:10     | Learned a level 3 spell: Tukima's Dance
 14099 | D:10     | Slain by an orc warrior

Illustrated notes

Levels and vault maps discovered:
D:1:      dpeg_arrival_ratfight, layout_rooms, serial_shops, shop,
          nicolae_lakefront_shop, hellmonk_ecumenical_altar_blasted,
          minmay_rat_gold_closets
D:2:      layout_basic, serial_forest, infiniplex_forest_straight_2,
          infiniplex_forest_lined_2, infiniplex_forest_clump_small,
          infiniplex_forest_end_double, infiniplex_forest_straight_5,
          infiniplex_forest_clump_medium, infiniplex_forest_lined_2
D:3:      layout_basic
D:4:      layout_cave_pools, slow_altar_1, roderic_batcave, uniq_robin
D:5:      layout_cave_pods, nemelex_spade_bored_becter, kennysheep_little_box,
          minmay_temple_entry_hall, minmay_bent, uniq_edmund
D:6:      layout_rooms, fedhas_bush_and_centaur_altar,
          mainiacjoe_overflow_surrounded_room, xom_butterflies,
          lightli_sewer_entry_pipes
D:7:      layout_basic, minivault_27, uniq_pikel, uniq_duvessa
D:8:      layout_layer_cave
D:9:      layout_long_grid, lemuel_zombie_altar_yredelemnul,
          jmf_multi_god_temple, zombieorc2_lemuel,
          chequers_serial_rivers_micro_e, dreamdust_wishing_well,
          nrook_loot_triangle
D:10:     layout_long_grid, grunt_lair_entry_orc_guard_hut, uniq_sonja,
          uniq_psyche, uniq_nergalle
Temple:   hellmonk_temple_forest_ring

Skill      XL: |  1  2  3  4  5  6  7  8  9 10 |
---------------+-------------------------------+-----
Conjurations   | 2 3 4 5 6 7 9 |  9.5
Stealth        | 3 4 5 |  5.4
Hexes          | 1 2 3 4 6 7 |  7.6
Fighting       | 1 2 3 4 |  4.7
Air Magic      | 4 5 6 7 |  7.7
Spellcasting   | 4 5 7 8 |  8.4
Fire Magic     | 1 4 7 |  7.0
Dodging        | |  2.4

Action                     |  1- 3 |  4- 6 |  7- 9 | 10-12 || total
---------------------------+-------+-------+-------+-------++-------
  Melee: Staff             |     9 |     4 |    16 |     9 ||    38
         Punch             |       |       |     1 |       ||     1
   Cast: Shock             |    71 |   126 |   257 |   174 ||   628
         Static Discharge  |     2 |    12 |    30 |     1 ||    45
         Swiftness         |       |     3 |     4 |     2 ||     9
         Fulminant Prism   |       |       |    18 |    34 ||    52
         Fireball          |       |       |       |     1 ||     1
         Blink             |       |       |       |     1 ||     1
 Invoke: Ancestor Life: Kn |       |       |     1 |       ||     1
         Recall Ancestor   |       |       |       |     3 ||     3
  Evoke: Wand              |       |       |     6 |       ||     6
    Use: Scroll            |       |     1 |    12 |     1 ||    14
         Potion            |       |     2 |     2 |     3 ||     7
 Armour: Robe              |     6 |    12 |     9 |       ||    27
         Steam dragon scal |       |       |       |    10 ||    10
  Dodge: Dodged            |    10 |    30 |    49 |    29 ||   118
         Repelled          |       |       |     2 |     1 ||     3
  Block: Other             |     1 |    10 |    22 |    10 ||    43
         Reflection        |       |       |     1 |     1 ||     2

Table legend: (Time is in decaauts)
 A = Elapsed time spent in this place.
 B = Non-inter-level travel time spent in this place.
 C = Inter-level travel time spent in this place.
 D = Time resting spent in this place.
 E = Time spent auto-exploring this place.
 F = Levels seen in this place.
 G = Mean time per level.
                   A        B        C        D        E       F      G
               +--------+--------+--------+--------+--------+-----+--------+
         Total |  14158 |  12597 |   1561 |   1133 |   9260 |  11 | 1287.1 |
       Dungeon |  13997 |  12462 |   1535 |   1133 |   9136 |  10 | 1399.7 |
        Temple |    161 |    135 |     26 |      0 |    124 |   1 |  161.0 |
               +--------+--------+--------+--------+--------+-----+--------+

Top non-repeatable levels by time:
     D:5: 2447 daAuts
     D:9: 2055 daAuts
     D:7: 1629 daAuts
     D:8: 1523 daAuts
     D:2: 1351 daAuts
     D:4: 1315 daAuts
     D:3: 1307 daAuts
     D:1: 1243 daAuts
     D:6: 956 daAuts
    D:10: 166 daAuts
  Temple: 161 daAuts
